 Dungeon Crawl Stone Soup version 0.29-a0-409-gd843f3a48c (webtiles) character file.

Game seed: 17397655727376861157

269 bande the Chopper (level 6, 0/55 HPs)
             Began as a Hill Orc Fighter on May 13, 2022.
             Killed from afar by Ijyb (19 damage)
             ... with a bolt of acid
             ... on level 3 of the Dungeon.
             The game lasted 00:03:06 (1598 turns).

bande the Chopper (Hill Orc Fighter)                Turns: 1598, Time: 00:03:06

Health: 0/55       AC:  0    Str: 19    XL:     6   Next: 22%
Magic:  6/6        EV:  9    Int:  8    God:
Gold:   195        SH:  5    Dex: 12    Spells: 5/5 levels left

rFire   . . .      SeeInvis .   a - +0 war axe
rCold   . . .      Faith    .   c - +0 buckler
rNeg    . . .      Spirit   .   b - +0 scale mail
rPois   .          Reflect  .   (no helmet)
rElec   .          Harm     .   (no cloak)
rCorr   .          Rampage  .   (no gloves)
Will    .....                   h - +0 pair of boots
Stlth   ..........              e - amulet of regeneration
HPRegen 0.98/turn               (no ring)
MPRegen 0.10/turn               (no ring)

@: corroded
A: no striking features
a: no special abilities


You were on level 3 of the Dungeon.
You visited 1 branch of the dungeon, and saw 3 of its levels.

You collected 195 gold pieces.

Inventory:

Hand Weapons
 a - a +0 war axe (weapon)
Armour
 b - a +0 scale mail (worn)
 c - a +0 buckler (worn)
 h - a +0 pair of boots (worn)
Jewellery
 e - an amulet of regeneration (around neck)
Wands
 f - a wand of iceblast (5)
Potions
 d - a potion of heal wounds {unknown}
 g - 2 potions of lignification {unknown}
 i - a potion of magic {unknown}
 k - a potion of attraction {unknown}


   Skills:
 + Level 4.8 Fighting
 + Level 6.0 Axes
 + Level 4.4 Armour
 + Level 4.0 Shields


You had 5 spell levels left.
You didn't know any spells.
Your spell library contained the following spells:

 Spells                   Type           Power      Damage    Failure   Level
 Stone Arrow              Conj/Erth      0%         3d7       99%         3
 Animate Armour           Summ/Erth      0%         N/A       100%        4
 Lehudib's Crystal Spear  Conj/Erth      0%         10d2      100%        8


Dungeon Overview and Level Annotations

Branches:
Dungeon (3/15)

Altars:

Annotations:
D:3 Ijyb


Message History

The adder bites you but does no damage. x2
You slash the adder!
You kill the adder!
Ijyb hits you but does no damage.
You barely miss Ijyb. Ijyb hits you but does no damage.
You hit Ijyb.
Ijyb is moderately wounded.
Ijyb closely misses you.
You closely miss Ijyb.
Ijyb is moderately wounded.
Ijyb zaps a wand.
The bolt of acid hits you!! The acid corrodes you!
You hit Ijyb but do no damage.
Ijyb is moderately wounded.
Ijyb screams, "I no like you!" Ijyb hits you but does no damage.
You hit Ijyb but do no damage.
Ijyb is moderately wounded.
Ijyb hits you with a +0 club. You block Ijyb's attack.
You barely miss Ijyb.
Ijyb is moderately wounded.
Ijyb barely misses you.
You hit Ijyb but do no damage.
Ijyb is moderately wounded.
Ijyb hits you with a +0 club.
You slash Ijyb!
Ijyb is severely wounded.
Ijyb hits you with a +0 club. You block Ijyb's attack.
You hit Ijyb.
Ijyb is severely wounded.
Ijyb hits you but does no damage.
You closely miss Ijyb.
Ijyb is severely wounded.
Ijyb zaps a wand.
The bolt of acid hits you! The acid corrodes you!
You are too injured to fight recklessly!
You are too injured to fight recklessly!
You are too injured to fight recklessly!
You hit Ijyb.
Ijyb is almost dead.
Ijyb zaps a wand.
The bolt of acid hits you!!
You die...

.........# ##.......##
.........# #.........#
.........# #.........#
.........# #.........#
.........# #.........#
.......... #...<.....#
.........# #.....g...##
....>....#
#.....@....##..........
#..............#######.
#.........#### #.
#.........# .#####
##........## ......
##.....#..##### ######
####.........# ##
#.........# #.
#.........# #.


You could see Ijyb.

Vanquished Creatures
  Sigmund (D:3)
  3 adders
  5 worms
  2 dart slugs (D:1)
  9 bats
  4 endoplasms
  4 giant cockroaches
  2 goblins
  8 hobgoblins
  2 jackals (D:1)
  5 quokkas
  4 ball pythons
  A frilled lizard (D:1)
  2 kobolds (D:1)
  5 rats
57 creatures vanquished.

Vanquished Creatures (others)
  5 toadstools (D:2)
5 creatures vanquished.

Grand Total: 62 creatures vanquished

Notes
Turn   | Place    | Note
-------+----------+-------------------------------------------
     0 | D:1      | bande the Hill Orc Fighter began the quest for the Orb.
     0 | D:1      | Reached XP level 1. HP: 19/19 MP: 1/1
    57 | D:1      | Reached XP level 2. HP: 23/27 MP: 2/2
   150 | D:1      | You fall into a shaft and drop 1 floor!
   237 | D:2      | Reached skill level 3 in Axes
   253 | D:2      | Reached XP level 3. HP: 33/33 MP: 3/3
   482 | D:1      | Found a faded altar of an unknown god.
   486 | D:1      | Reached skill level 4 in Axes
   486 | D:1      | Reached XP level 4. HP: 40/40 MP: 4/4
  1321 | D:3      | Noticed Sigmund
  1327 | D:3      | Killed Sigmund
  1328 | D:3      | Reached skill level 6 in Axes
  1328 | D:3      | Reached XP level 5. HP: 24/47 MP: 5/5
  1328 | D:3      | Reached XP level 6. HP: 27/53 MP: 6/6
  1582 | D:3      | Noticed Ijyb
  1598 | D:3      | Killed from afar by Ijyb

Illustrated notes

Levels and vault maps discovered:
D:1:      dpeg_arrival_concentric_ovals, layout_rooms,
          hellmonk_ecumenical_altar_run_dry
D:2:      layout_basic, minmay_misc_feat_nine_boxes, minmay_gold_behind_fungi
D:3:      layout_rooms, chequers_serial_rivers_micro_b, uniq_sigmund, uniq_ijyb

Skill      XL: |  1  2  3  4 |
---------------+-------------+-----
Axes           | 3 4 6 |  6.0
Fighting       | 4 |  4.8
Armour         | 4 |  4.4
Shields        | 4 |  4.0

Action                   |  1- 3 |  4- 6 || total
-------------------------+-------+-------++-------
Melee: War axe           |    78 |    74 ||   152
  Use: Scroll            |       |     6 ||     6
       Potion            |       |     1 ||     1
Armor: Scale mail        |    64 |    31 ||    95
Dodge: Dodged            |    43 |    29 ||    72
Block: Buckler           |    27 |    12 ||    39

Table legend: (Time is in decaauts)
 A = Elapsed time spent in this place.
 B = Non-inter-level travel time spent in this place.
 C = Inter-level travel time spent in this place.
 D = Time resting spent in this place.
 E = Time spent auto-exploring this place.
 F = Levels seen in this place.
 G = Mean time per level.
                   A        B        C        D        E       F      G
               +--------+--------+--------+--------+--------+-----+--------+
         Total |   1649 |   1611 |     38 |     43 |   1166 |   3 |  549.7 |
       Dungeon |   1649 |   1611 |     38 |     43 |   1166 |   3 |  549.7 |
               +--------+--------+--------+--------+--------+-----+--------+

Top non-repeatable levels by time:
     D:2: 718 daAuts
     D:1: 570 daAuts
     D:3: 360 daAuts
